 Dungeon Crawl Stone Soup version 0.19-b1-4-gd8a0a2a (webtiles) character file.

223 Gorglomux the Digger (level 5, -6/38 HPs)
             Began as a Demigod Earth Elementalist on Oct 31, 2016.
             Killed by divine providence
             ... invoked by an orc priest
              (10 damage)
             ... on level 3 of the Dungeon.
             The game lasted 00:05:50 (1850 turns).

Gorglomux the Digger (Demigod Earth Elementalist)   Turns: 1850, Time: 00:05:51

Health: -6/38      AC:  4    Str: 11    XL:     5   Next: 39%
Magic:  0/12       EV: 12    Int: 21    God:
Gold:   127        SH:  5    Dex: 16    Spells: 2 memorised, 6 levels left

rFire  . . .     SeeInvis .     b - 69 stones
rCold  . . .     Gourm    .     c - +0 robe
rNeg   . . .     Faith    .     (no shield)
rPois  .         Spirit   .     (no helmet)
rElec  .         Reflect  +     p - +1 cloak
rCorr  .         Harm     .     (no gloves)
MR     .....                    (no boots)
Stlth  ++........               w - +5 amulet of reflection
                                (no ring)
                                (no ring)

@: no status effects
A: high mp 1
a: no special abilities


You were on level 3 of the Dungeon.
You were not hungry.

You visited 1 branch of the dungeon, and saw 3 of its levels.

You collected 127 gold pieces.

Inventory:

Hand Weapons
 f - a +0 spear
Missiles
 b - 69 stones (in hand)
Armour
 c - a +0 robe (worn)
 p - a +1 cloak (worn)
Jewellery
 w - a +5 amulet of reflection (around neck)
Scrolls
 h - a scroll of identify {unknown}
 j - 2 scrolls of amnesia {unknown}
 k - a scroll of fog {unknown}
 l - 3 scrolls of remove curse {unknown}
 m - a scroll of blinking {unknown}
 o - a scroll of enchant armour {unknown}
 r - a scroll of noise {unknown}
Potions
 a - a potion of mutation {unknown}
 g - a potion of curing {unknown}
 i - a potion of cure mutation {unknown}
 u - a potion of resistance {unknown}
 v - a potion of magic {unknown}
Books
 e - a book of Geomancy

   Spells                             Type                      Level
   a - Sandblast                      Earth                        1
   b - Passwall                       Transmutation/Earth          2
   c - Stone Arrow                    Conjuration/Earth            3
   d - Petrify                        Transmutation/Earth          4
   e - Lee's Rapid Deconstruction     Earth                        5
 n - a book of Misfortune

   Spells                             Type                      Level
   a - Confusing Touch                Hexes                        1
   b - Confuse                        Hexes                        3
   c - Gell's Gravitas                Hexes/Translocation          3
   d - Petrify                        Transmutation/Earth          4
   e - Metabolic Englaciation         Hexes/Ice                    5
   f - Yara's Violent Unravelling     Hexes/Transmutation          5
 q - a book of Changes

   Spells                             Type                      Level
   a - Beastly Appendage              Transmutation                1
   b - Sticks to Snakes               Transmutation                2
   c - Spider Form                    Transmutation/Poison         3
   d - Ice Form                       Ice/Transmutation            4
   e - Blade Hands                    Transmutation                5
Comestibles
 d - 3 bread rations
 s - 3 fruits


   Skills:
 - Level 1.7 Dodging
 - Level 1.7 Stealth
 - Level 3.0 Spellcasting
   Level 0.8 Transmutations
 * Level 5.2 Earth Magic


You had 6 spell levels left.
You knew the following spells:

 Your Spells              Type           Power        Failure   Level  Hunger
a - Sandblast             Erth           ####..       1%          1    None
b - Stone Arrow           Conj/Erth      ##....       17%         3    ###....


Dungeon Overview and Level Annotations

Branches:
Dungeon (3/15)


Innate Abilities, Weirdness & Mutations

You have an increased reservoir of magic. (+10% MP)


Message History

Aim: an orc priest, wielding a short sword and wearing a chain mail (almost dead)
The rocky blast hits the orc priest.
The orc priest is almost dead.
The hound bites you.
* * * LOW HITPOINT WARNING * * *
The hound completely misses you.
The orc priest hits you but does no damage.
The orc hits you with a dagger.
* * * LOW HITPOINT WARNING * * *
Casting: Sandblast
Confirm with . or Enter, or press ? or * to list all spells.
Aiming: Sandblast
Press: ? - help, Shift-Dir - straight line, f/p - orc priest
Aim: an orc priest, wielding a short sword and wearing a chain mail (almost dead)
The rocky blast hits the orc priest.
The orc priest is almost dead.
The hound misses you.
The orc priest calls down the wrath of Beogh upon you.
Beogh smites you!
You die...

....# #...# #... #.#
..#.# #...# #..# #.#
.o#.# #...# #..###.# .o.
. #...#### #......###
.#l.?.
#......#####.......####
##.. ##
##.#.....#...######.....
..# ...........#.#
###### ##.#.....#...#
......o@###.## ......ho#
#.# .....)).# #.#
...."...# #.# ........#
#.# ........# #.#
........# #.# ........#


You could see a hound, an orc priest and an orc.

Vanquished Creatures
  The ghost of Gorglomux the Conjurer, an amateur DECj (D:3)
  An orc priest (D:3)
  2 adders (D:2)
  A gnoll (D:1)
  A worm (D:2)
  2 dart slugs (D:1)
  4 leopard geckos
  2 orcs (D:3)
  3 giant cockroaches
  3 goblins
  4 hobgoblins (D:1)
  2 jackals (D:1)
  11 kobolds
  2 ball pythons (D:2)
  3 bats (D:1)
  5 frilled lizards
  7 rats
54 creatures vanquished.

Vanquished Creatures (others)
  A plant (D:1)
1 creature vanquished.

Grand Total: 55 creatures vanquished

Notes
Turn   | Place    | Note
-------+----------+-------------------------------------------
     0 | D:1      | Gorglomux the Demigod Earth Elementalist began the quest for the Orb.
     0 | D:1      | Reached XP level 1. HP: 14/14 MP: 5/5
   141 | D:1      | Reached skill level 3 in Earth Magic
   270 | D:1      | Reached XP level 2. HP: 20/20 MP: 2/7
   635 | D:1      | Reached XP level 3. HP: 26/26 MP: 6/8
  1195 | D:2      | Learned a level 3 spell: Stone Arrow
  1395 | D:2      | Reached skill level 4 in Earth Magic
  1656 | D:3      | Noticed Gorglomux's ghost (amateur DECj)
  1663 | D:3      | Reached XP level 4. HP: 33/33 MP: 8/10
  1667 | D:3      | Killed Gorglomux's ghost
  1667 | D:3      | Reached XP level 5. HP: 33/38 MP: 4/12
  1839 | D:3      | Reached skill level 5 in Earth Magic
  1850 | D:3      | Killed from afar by an orc priest

Skill      XL: |  1  2  3  4  5 |
---------------+----------------+-----
Earth Magic    | 3 4 5 |  5.2
Spellcasting   | 2 3 |  3.0
Dodging        | |  1.7
Stealth        | |  1.7
Transmutations | |  0.8

Action                   |  1- 3 |  4- 6 || total
-------------------------+-------+-------++-------
Melee: Unarmed           |     1 |       ||     1
 Cast: Sandblast         |    72 |    23 ||    95
  Eat: Chunk             |     3 |       ||     3
Armor: Robe              |    12 |     2 ||    14
Dodge: Dodged            |    34 |    12 ||    46
